 Dungeon Crawl Stone Soup version 0.22-a0-274-gf8199ec (webtiles) character file.

385 Amnesiac the Conjurer (level 6, 0/37 HPs)
             Began as a Deep Elf Wizard on Mar 14, 2018.
             Slain by a hound (2 damage)
             ... on level 5 of the Dungeon.
             The game lasted 00:04:27 (3465 turns).

Amnesiac the Conjurer (Deep Elf Wizard)             Turns: 3465, Time: 00:04:27

Health: 0/37       AC:  5    Str:  9    XL:     6   Next: 48%
Magic:  2/15       EV: 13    Int: 25    God:
Gold:   163        SH:  0    Dex: 13    Spells: 4/15 levels left

rFire    . . .     SeeInvis .   e - +1 dagger (speed)
rCold    . . .     Gourm    .   (no shield)
rNeg     . . .     Faith    .   a - +0 robe
rPois    .         Spirit   .   b - +0 hat
rElec    .         Reflect  .   i - scarf {cloud immunity}
rCorr    .         Harm     .   h - +2 pair of gloves {archery}
MR       .....                  (no boots)
Stlth    ++........             (no amulet)
HPRegen  0.12/turn              (no ring)
MPRegen  0.14/turn              (no ring)

@: mighty, very slightly contaminated
A: horns 1, sturdy frame 1
a: no special abilities


You were on level 5 of the Dungeon.
You were not hungry.

You visited 1 branch of the dungeon, and saw 5 of its levels.

You collected 163 gold pieces.

Inventory:

Hand Weapons
 e - a +1 dagger of speed (weapon)
Missiles
 p - 4 stones (quivered)
 s - 8 poisoned needles
Armour
 a - a +0 robe (worn)
 b - a +0 hat (worn)
 h - a +2 pair of gloves of archery (worn)
 i - a scarf of cloud immunity (worn)
Wands
 m - a wand of iceblast (13)
Scrolls
 f - 3 scrolls of identify {!r}
 j - a scroll of teleportation {!r, unknown}
 l - a scroll of amnesia {!r, unknown}
 n - a scroll of enchant armour {!r, unknown}
 o - 2 scrolls of blinking {!r, unknown}
 q - a scroll of fog {!r, unknown}
Potions
 g - a potion of invisibility {!q}
Comestibles
 c - a chunk of flesh
 d - 9 rations


   Skills:
 * Level 3.2 Fighting
 + Level 3.1 Dodging
 - Level 2.4 Stealth
 - Level 5.0 Spellcasting
 - Level 5.1 Conjurations
 - Level 1.1 Summonings
 - Level 1.1 Translocations


You had 4 spell levels left.
You knew the following spells:

 Your Spells              Type           Power        Failure   Level  Hunger
a - Magic Dart            Conj           ####         1%          1    None
b - Call Imp              Summ           ##......     8%          2    None
e - Mephitic Cloud        Conj/Pois/Air  ##......     12%         3    ##.....
s - Conjure Flame         Conj/Fire      ###.....     9%          3    ##.....
v - Blink                 Tloc           N/A          8%          2    None


Dungeon Overview and Level Annotations

Branches:
Dungeon (5/15)
 Temple: D:4-7

Altars:
Cheibriados
Qazlal
Xom


Innate Abilities, Weirdness & Mutations

You have a pair of small horns on your head.
Your movements are slightly less encumbered by armour. (ER -2)


Message History

Confirm with . or Enter, or press ? or * to list all spells.
Aiming: Magic Dart (safe; 1% risk of failure)
Press: ? - help, Shift-Dir - straight line, f/p - hound
Aim: a hound (lightly wounded)
The magic dart hits the hound.
The hound is moderately wounded.
The hound bites you. The gnoll barely misses you.
Casting: Magic Dart (safe; 1% risk of failure)
Confirm with . or Enter, or press ? or * to list all spells.
Aiming: Magic Dart (safe; 1% risk of failure)
Press: ? - help, Shift-Dir - straight line, f/p - hound
Aim: a hound (moderately wounded)
The magic dart hits the hound.
The hound is moderately wounded.
The hound closely misses you. The hound bites you.
Casting: Magic Dart (safe; 1% risk of failure)
Confirm with . or Enter, or press ? or * to list all spells.
Aiming: Magic Dart (safe; 1% risk of failure)
Press: ? - help, Shift-Dir - straight line, f/p - hound
Aim: a hound (moderately wounded)
The magic dart hits the hound.
The hound is moderately wounded.
The hound closely misses you. The gnoll misses you.
The gnoll hits you with a flail.
The hound bites you but does no damage. 2 orcs come into view.
Casting: Magic Dart (safe; 1% risk of failure)
Confirm with . or Enter, or press ? or * to list all spells.
Aiming: Mephitic Cloud (safe; 12% risk of failure)
Press: ? - help, Shift-Dir - straight line, f/p - hound
Aim: a hound (moderately wounded)
You miscast Mephitic Cloud.
You are very lightly contaminated with residual magic.
The air around you crackles with energy!
The orc shouts!
The hound bites you. The gnoll barely misses you. x2
Casting: Mephitic Cloud (safe; 12% risk of failure)
Confirm with . or Enter, or press ? or * to list all spells.
You don't have enough magic to cast that spell.
The hound misses you. The gnoll closely misses you.
The orc priest mumbles some strange prayers to Beogh against you.
Beogh smites you!
* * * LOW HITPOINT WARNING * * *
The hound barely misses you.
There is a stone staircase leading down here.
The hound bites you.
* * * LOW HITPOINT WARNING * * *
The hound barely misses you.
You climb downwards.
An adder comes into view.
There is a stone staircase leading up here.
Okay, then.
Really quaff
r - a black potion {!q}?
It was a potion of might {!q}.
You feel very mighty all of a sudden.
The adder hisses angrily.
The hound closely misses you.
Really quaff
k - a bubbling yellow potion {!q}?
It was a potion of mutation {!q}.
You feel extremely strange. A pair of horns grows on your head!
You feel less encumbered by your armour.
The hound bites you.
You die...

...
... ..
.S ..
..
.####.
#....#
+....+
#....#
#..@h#
######


You could see a hound and an adder.

Vanquished Creatures
  2 scorpions (D:4)
  An orc priest (D:3)
  An iguana (D:4)
  A gnoll (D:4)
  4 adders
  An ooze (D:3)
  3 worms
  3 dart slugs
  4 leopard geckos
  5 orcs (D:3)
  3 giant cockroaches
  8 goblins
  10 hobgoblins
  3 jackals (D:2)
  2 quokkas (D:3)
  2 ball pythons (D:1)
  11 bats
  3 frilled lizards
  9 kobolds
  13 rats
89 creatures vanquished.

Vanquished Creatures (collateral kills)
  A phantom (D:4)
1 creature vanquished.

Grand Total: 90 creatures vanquished

Notes
Turn   | Place    | Note
-------+----------+-------------------------------------------
     0 | D:1      | Amnesiac the Deep Elf Wizard began the quest for the Orb.
     0 | D:1      | Reached XP level 1. HP: 10/10 MP: 7/7
   173 | D:1      | Reached XP level 2. HP: 15/15 MP: 1/9
   184 | D:1      | Learned a level 2 spell: Blink
   187 | D:1      | Learned a level 2 spell: Call Imp
   519 | D:1      | Reached XP level 3. HP: 19/19 MP: 0/11
   568 | D:1      | Learned a level 3 spell: Conjure Flame
   572 | D:1      | Learned a level 3 spell: Mephitic Cloud
  1346 | D:2      | Found a stormy altar of Qazlal.
  1591 | D:2      | Reached XP level 4. HP: 24/24 MP: 2/12
  1760 | D:2      | Found a shimmering altar of Xom.
  1938 | D:2      | Found a shimmering altar of Xom.
  2036 | D:2      | Found a shimmering altar of Xom.
  2038 | D:2      | Found a shimmering altar of Xom.
  2406 | D:3      | Reached skill level 1 in Fighting
  2502 | D:3      | Found a snail-covered altar of Cheibriados.
  2741 | D:3      | Reached XP level 5. HP: 29/29 MP: 11/13
  2845 | D:4      | Noticed a phantom
  2859 | D:4      | Killed a phantom
  2859 | D:4      | Reached skill level 5 in Conjurations
  2987 | D:3      | Reached XP level 6. HP: 11/36 MP: 0/14
  3389 | D:4      | Reached skill level 5 in Spellcasting
  3462 | D:4      | HP: 1/37 [hound (4)]
  3463 | D:5      | Entered Level 5 of the Dungeon
  3465 | D:5      | Gained mutation: You have a pair of small horns on your head. [potion of mutation]
  3465 | D:5      | Gained mutation: Your movements are slightly less encumbered by armour. (ER -2) [potion of mutation]
  3465 | D:5      | Slain by a hound

Vault maps used:
D:1:      kennysheep_arrival_seaside, hangedman_glass_teeth
D:2:      grunt_qazlal_sundering, xom_redecorated
D:3:      kennysheep_slug_shrine
D:4:      kennysheep_vampire_church, first_ration, serial_shops, shop_statue,
          grunt_gozag_statues, uniq_crazy_yiuf_cottage, uniq_grinder
D:5:      temple_hall, tgw_sif

Skill      XL: |  1  2  3  4  5  6 |
---------------+-------------------+-----
Conjurations   | 2 3 4 5 |  5.1
Fighting       | 1 2 3 |  3.2
Dodging        | 3 |  3.1
Spellcasting   | 5 |  5.0
Stealth        | |  2.4
Summonings     | |  1.1
Translocations | |  1.1

Action                   |  1- 3 |  4- 6 || total
-------------------------+-------+-------++-------
Melee: Dagger            |    31 |    24 ||    55
 Cast: Magic Dart        |   105 |   119 ||   224
       Call Imp          |     1 |     3 ||     4
       Mephitic Cloud    |       |     3 ||     3
  Use: Scroll            |     1 |       ||     1
       Potion            |       |     2 ||     2
 Stab: Confused          |       |     4 ||     4
  Eat: Chunk             |     2 |     6 ||     8
Armor: Robe              |    15 |     8 ||    23
Dodge: Dodged            |    37 |    28 ||    65

Table legend:
 A = Spawn XP
 B = Non-spawn XP
 C = Spawn XP percentage of total XP
 D = Spawn monster count
 E = Non-spawn monster count
 F = Spawn count percentage of total count
 G = Total turns spent on level
                    A         B        C        D         E        F      G
               +---------+---------+-------+---------+---------+-------+---------
         Total |       0 |     550 |   0.0 |       0 |      90 |   0.0 |  3465
               +---------+---------+-------+---------+---------+-------+---------
           D:1 |       0 |      52 |   0.0 |       0 |      30 |   0.0 |  1206
           D:2 |       0 |      72 |   0.0 |       0 |      24 |   0.0 |   955
           D:3 |       0 |     119 |   0.0 |       0 |      29 |   0.0 |   912
           D:4 |       0 |     307 |   0.0 |       0 |       7 |   0.0 |   390
               +---------+---------+-------+---------+---------+-------+---------
